 Dungeon Crawl Stone Soup version 0.29-a0-664-gff9cad4a3d (webtiles) character file.

Game seed: 6343395944027558634

267 wingedge the Gusty (level 6, -2/35 HPs)
             Began as a Tengu Air Elementalist on June 23, 2022.
             Killed by divine providence
             ... invoked by an orc priest
              (15 damage)
             ... on level 2 of the Dungeon.
             The game lasted 00:07:30 (2178 turns).

wingedge the Gusty (Tengu Air Elementalist)         Turns: 2178, Time: 00:07:31

Health: -2/35      AC: 10    Str:  8    XL:     6   Next: 21%
Magic:  3/11       EV: 14    Int: 17    God:
Gold:   49         SH:  0    Dex: 15    Spells: 4/10 levels left

rFire   . . .      SeeInvis .   i - +1 dagger (venom)
rCold   . . .      Faith    .   (no shield)
rNeg    . . .      Spirit   .   a - +0 robe
rPois   .          Reflect  .   (helmet restricted)
rElec   .          Harm     .   (no cloak)
rCorr   .          Rampage  .   (no gloves)
Will    .....                   (boots unavailable)
Stlth   ++........              p - amulet of magic regeneration
HPRegen 0.11/turn               d - +4 ring of protection
MPRegen 0.52/turn               r - +4 ring of protection

@: flying quickly and evasively, very slightly contaminated, quick
A: beak, talons 3, nimble flight
a: no special abilities


You were on level 2 of the Dungeon.
You visited 1 branch of the dungeon, and saw 2 of its levels.

You collected 49 gold pieces.

Inventory:

Hand Weapons
 i - a +1 dagger of venom (weapon)
Armour
 a - a +0 robe (worn)
Jewellery
 d - a +4 ring of protection (left hand)
 f - an amulet of reflection
 p - an amulet of magic regeneration (around neck)
 r - a +4 ring of protection (right hand)
Scrolls
 c - 2 scrolls of magic mapping {unknown}
 g - a scroll of enchant weapon {unknown}
 h - 2 scrolls of identify {unknown}
 k - a scroll of amnesia {unknown}
 l - a scroll of teleportation {unknown}
Potions
 b - a potion of magic
 e - a potion of flight {unknown}
 j - a potion of brilliance {unknown}
 m - a potion of heal wounds {unknown}
 n - a potion of curing
 o - a potion of degeneration {unknown}
 q - a potion of haste {unknown}


   Skills:
 + Level 2.0 Fighting
 - Level 2.1 Dodging
 - Level 2.0 Stealth
 + Level 2.9 Spellcasting
 * Level 4.6 Conjurations
 * Level 6.1 Air Magic


You had 4 spell levels left.
You knew the following spells:

 Your Spells              Type           Power      Damage    Failure   Level
a - Shock                 Conj/Air       80%        1d8       1%          1
b - Static Discharge      Conj/Air       20%        N/A       3%          2
c - Swiftness             Air            23%        N/A       4%          3

Your spell library contained the following spells:

 Spells                   Type           Power      Damage    Failure   Level
 Airstrike                Air            11%        N/A       14%         4
 Apportation              Tloc           4%         N/A       19%         1
 Portal Projectile        Hex/Tloc       4%         N/A       47%         3
 Tukima's Dance           Hex            2%         N/A       47%         3
 Alistair's Intoxication  Tmut/Pois      1%         N/A       99%         5
 Blade Hands              Tmut           1%         N/A       99%         5


Dungeon Overview and Level Annotations

Branches:
Dungeon (2/15)

Altars:

Shops:
D:1 ?

Annotations:
D:2 1 runed translucent door, Crazy Yiuf


Innate Abilities, Weirdness & Mutations

You have a beak for a mouth.
You have claws for feet.
Your magical nature lets you fly swiftly and evasively.


Message History

The orc priest is moderately wounded.
You are struck by an arc of lightning.
The lightning grounds out.
The orc misses you.
The orc priest invokes the aid of Beogh against you.
Pain shoots through your body!
Casting: Static Discharge (safe; 3% risk of failure)
Confirm with . or Enter, or press ? or * to list all spells.
The orc priest is struck by an arc of lightning.
The orc priest is severely wounded.
You are struck by an arc of lightning.
The orc priest is struck by an arc of lightning.
You kill the orc priest!
The lightning grounds out.
The orc misses you. The orc hits you with a +0 trident.
Things that are here:
a +0 dagger; an orc corpse
Casting: Static Discharge (safe; 3% risk of failure)
Confirm with . or Enter, or press ? or * to list all spells.
The orc is struck by an arc of lightning.
The orc is almost dead.
The lightning grounds out.
The orc priest calls down the wrath of Beogh upon you.
Beogh smites you!
* * * LOW HITPOINT WARNING * * *
The orc closely misses you.
Casting: Static Discharge (safe; 3% risk of failure)
Confirm with . or Enter, or press ? or * to list all spells.
You miscast Static Discharge.
Nothing appears to happen.
The orc priest calls upon Beogh to heal the orc.
The orc is healed somewhat.
The orc barely misses you.
Okay, then.
Okay, then.
It was a potion of curing.
You feel better. The orc hits you with a +0 trident.
* * * LOW HITPOINT WARNING * * *
You feel better. The orc barely misses you. The orc barely misses you.
Items here: )) [ ††.
The orc priest invokes the aid of Beogh against you.
Beogh smites you!
You die...

#.#.##.#
#.# #.#
#.#.##.#
#.####.#
#.#.##.#
#......#
#.#.##.#
########
#.#.##.#
#..(...#
###.##.#
#.#######
#.@)o.o.#
#######.#


You could see an orc priest and an orc.

Vanquished Creatures
  Sigmund (D:2)
  An orc priest (D:2)
  Terence (D:2)
  An adder (D:2)
  A worm (D:2)
  3 orcs (D:2)
  5 ball pythons
  4 bats
  5 endoplasms (D:1)
  2 giant cockroaches (D:1)
  A goblin (D:1)
  3 hobgoblins
  3 quokkas
  6 frilled lizards
  4 rats
41 creatures vanquished.

Notes
Turn   | Place    | Note
-------+----------+-------------------------------------------
     0 | D:1      | wingedge the Tengu Air Elementalist began the quest for the
                  | Orb.
     0 | D:1      | Reached XP level 1. HP: 10/10 MP: 4/4
   129 | D:1      | Found Quomoali's Magic Scroll Shop.
   182 | D:1      | Reached XP level 2. HP: 6/15 MP: 0/6
   378 | D:1      | Learned a level 2 spell: Static Discharge
   444 | D:1      | Found a faded altar of an unknown god.
   958 | D:1      | Reached XP level 3. HP: 20/20 MP: 5/7
  1100 | D:1      | Learned a level 3 spell: Swiftness
  1620 | D:2      | Reached skill level 1 in Fighting
  1653 | D:2      | Noticed Terence
  1665 | D:2      | Killed Terence
  1666 | D:2      | Reached skill level 5 in Air Magic
  1666 | D:2      | Reached XP level 4. HP: 20/25 MP: 2/8
  1806 | D:2      | Found a runed translucent door.
  1817 | D:2      | Noticed Crazy Yiuf
  1891 | D:2      | Noticed Sigmund
  1900 | D:2      | Killed Sigmund
  1901 | D:2      | Reached skill level 6 in Air Magic
  1901 | D:2      | Gained mutation: Your magical nature lets you fly swiftly
                  | and evasively. [Tengu growth]
  1901 | D:2      | Reached XP level 5. HP: 13/30 MP: 8/10
  1901 | D:2      | Reached XP level 6. HP: 15/35 MP: 8/11
  2178 | D:2      | Killed from afar by an orc priest

Illustrated notes

Levels and vault maps discovered:
D:1:      minmay_arrival_doors, layout_loops_ring, serial_forest,
          infiniplex_forest_clump_large, infiniplex_forest_end_3,
          infiniplex_forest_straight_4, infiniplex_forest_clump_small,
          infiniplex_forest_zigzag_1, infiniplex_forest_straight_2,
          infiniplex_forest_lined_3_way, shapermc_ecumenical_altar_pompeii,
          serial_shops, nicolae_lakefront_shop
D:2:      layout_basic, uniq_sigmund, uniq_terence, uniq_crazy_yiuf_cottage

Skill      XL: |  1  2  3  4  5  6 |
---------------+-------------------+-----
Conjurations   | 2 3 4 |  4.6
Fighting       | 1 2 |  2.0
Air Magic      | 5 6 |  6.1
Dodging        | |  2.1
Stealth        | |  2.0
Spellcasting   | |  2.9

Action                   |  1- 3 |  4- 6 || total
-------------------------+-------+-------++-------
Melee: Kick              |     6 |     4 ||    10
       Dagger            |    16 |     7 ||    23
       Unarmed           |     1 |       ||     1
       Peck              |     5 |     2 ||     7
 Cast: Shock             |    65 |     7 ||    72
       Static Discharge  |       |     5 ||     5
  Use: Potion            |       |     2 ||     2
Armor: Robe              |     6 |     6 ||    12
Dodge: Dodged            |    12 |    12 ||    24

Table legend: (Time is in decaauts)
 A = Elapsed time spent in this place.
 B = Non-inter-level travel time spent in this place.
 C = Inter-level travel time spent in this place.
 D = Time resting spent in this place.
 E = Time spent auto-exploring this place.
 F = Levels seen in this place.
 G = Mean time per level.
                   A        B        C        D        E       F      G
               +--------+--------+--------+--------+--------+-----+--------+
         Total |   2167 |   2134 |     33 |    644 |   1169 |   2 | 1083.5 |
       Dungeon |   2167 |   2134 |     33 |    644 |   1169 |   2 | 1083.5 |
               +--------+--------+--------+--------+--------+-----+--------+

Top non-repeatable levels by time:
     D:1: 1380 daAuts
     D:2: 787 daAuts
